[ AOE2 MATCH · #495948408 ]
UnrankedTupi vs Persians
Player's team · LOSS
Rival team · WIN
[ REPLAY ANALYSIS · EXTRACTED FROM THE RECORDED GAME ]
Feudal
9:09
Castle
24:06
Imperial
—
| APM avg | 79.4 |
| APM peak | 112 |
| eAPM avg | 33.7 |
| Villagers / military | 88 / 104 |
Focus
⚔️ 37.7% · 🌾 62.3%
Unknown (2550) ×57 · Skirmisher ×54 · Archer ×28 · Spearman ×21 · Unknown (2582) ×4 · Petard ×1
Feudal
8:39
Castle
24:44
Imperial
—
| APM avg | 65.2 |
| APM peak | 98 |
| eAPM avg | 33.3 |
| Villagers / military | 135 / 196 |
Focus
⚔️ 34.5% · 🌾 65.5%
Cavalry Archer ×120 · Archer ×23 · Knight ×20 · Scout Cavalry ×20 · Spearman ×13
Match map
Initial resources + every placement click. Lines = walls · curves = elevation contours. ◆ gold · ⬟ stone · ● berries · ✦ relic · ◌ wall gap
Your base· Open — 7t gap
Yukasha's base· Open — 9t gap
Smoothed initial terrain · ◌ = detected wall gap · hover for details
Inputs per minute
— Mutn - - Yukasha
Build order — Mutn
First 150 of 308 actions detected
| 0:06 | Build | Town Center |
| 1:09 | Create | Villager (Male) |
| 1:13 | Create | Villager (Male) |
| 1:17 | Create | Villager (Male) |
| 1:31 | Create | Villager (Male) |
| 1:42 | Create | Villager (Male) |
| 1:58 | Build | Settlement |
| 2:00 | Create | Villager (Male) |
| 2:38 | Create | Villager (Male) |
| 2:50 | Create | Villager (Male) |
| 3:52 | Create | Villager (Male) |
| 4:08 | Create | Villager (Male) |
| 4:15 | Create | Villager (Male) |
| 4:51 | Create | Villager (Male) |
| 4:51 | Create | Villager (Male) |
| 5:11 | Build | Barracks |
| 6:06 | Research | Loom |
| 6:56 | Research | Feudal Age |
| 7:11 | Create | Unit 2550 |
| 7:20 | Build | Settlement |
| 7:55 | Create | Unit 2550 |
| 8:06 | Build | Settlement |
| 8:24 | Create | Unit 2550 |
| 8:59 | Create | Unit 2550 |
| 9:00 | Create | Villager (Male) |
| 9:09 | Age | Feudal Age |
| 9:13 | Research | Tech 1402 |
| 9:32 | Build | Settlement |
| 9:49 | Create | Villager (Male) |
| 9:50 | Create | Unit 2550 |
| 10:04 | Create | Unit 2550 |
| 10:11 | Create | Villager (Male) |
| 10:33 | Create | Unit 2550 |
| 10:40 | Build | Barracks |
| 10:48 | Create | Villager (Male) |
| 11:31 | Create | Unit 2550 |
| 11:48 | Create | Unit 2550 |
| 11:48 | Create | Unit 2550 |
| 11:48 | Create | Villager (Male) |
| 12:20 | Create | Villager (Male) |
| 12:31 | Create | Unit 2550 |
| 12:35 | Build | Settlement |
| 12:36 | Build | Blacksmith |
| 12:54 | Build | Farm |
| 12:55 | Create | Villager (Male) |
| 13:38 | Create | Unit 2550 |
| 13:38 | Create | Unit 2550 |
| 13:39 | Create | Villager (Male) |
| 14:03 | Create | Villager (Male) |
| 14:04 | Create | Unit 2550 |
| 14:23 | Create | Unit 2550 |
| 14:23 | Create | Unit 2550 |
| 14:33 | Create | Unit 2550 |
| 14:36 | Build | Farm |
| 14:37 | Build | Farm |
| 14:39 | Build | Farm |
| 14:51 | Research | Scale Mail Armor |
| 14:51 | Research | Scale Mail Armor |
| 15:04 | Create | Villager (Male) |
| 15:17 | Create | Unit 2550 |
| 15:32 | Create | Unit 2550 |
| 15:32 | Create | Unit 2550 |
| 15:46 | Create | Villager (Male) |
| 15:47 | Create | Unit 2550 |
| 15:48 | Create | Unit 2550 |
| 15:48 | Create | Villager (Male) |
| 15:56 | Create | Unit 2550 |
| 15:56 | Create | Unit 2550 |
| 16:10 | Build | Farm |
| 16:11 | Build | Farm |
| 16:11 | Build | Farm |
| 16:26 | Create | Unit 2550 |
| 16:29 | Build | Farm |
| 16:35 | Create | Villager (Male) |
| 16:41 | Create | Unit 2550 |
| 16:42 | Create | Villager (Male) |
| 16:44 | Build | House |
| 17:02 | Create | Unit 2550 |
| 17:02 | Create | Unit 2550 |
| 17:09 | Create | Villager (Male) |
| 17:14 | Build | Settlement |
| 17:31 | Create | Villager (Male) |
| 17:41 | Research | Arson |
| 17:42 | Research | Arson |
| 17:54 | Build | House |
| 18:06 | Create | Villager (Male) |
| 18:51 | Create | Unit 2550 |
| 18:51 | Create | Unit 2550 |
| 18:52 | Create | Villager (Male) |
| 18:55 | Build | House |
| 19:32 | Create | Villager (Male) |
| 19:37 | Build | Settlement |
| 19:44 | Build | Archery Range |
| 20:00 | Create | Villager (Male) |
| 20:03 | Create | Villager (Male) |
| 20:50 | Create | Villager (Male) |
| 20:54 | Create | Villager (Male) |
| 20:56 | Build | Archery Range |
| 21:26 | Research | Castle Age |
| 21:51 | Create | Villager (Male) |
| 22:13 | Research | Fletching |
| 22:13 | Research | Fletching |
| 22:23 | Create | Unit 2550 |
| 22:24 | Create | Unit 2550 |
| 22:27 | Build | Farm |
| 22:28 | Build | Farm |
| 22:58 | Create | Villager (Male) |
| 23:02 | Create | Skirmisher ×5 |
| 23:12 | Create | Villager (Male) |
| 23:16 | Research | Horse Collar |
| 23:16 | Research | Double-Bit Axe |
| 23:23 | Build | Settlement |
| 24:06 | Age | Castle Age |
| 24:09 | Research | Tech 1351 |
| 24:10 | Research | Squires |
| 24:21 | Create | Unit 2550 ×5 |
| 24:21 | Create | Unit 2550 |
| 24:29 | Create | Skirmisher |
| 24:29 | Research | Elite Skirmisher (upgrade) |
| 24:40 | Create | Unit 2550 |
| 25:03 | Create | Villager (Male) |
| 25:12 | Build | Farm |
| 25:17 | Create | Skirmisher |
| 25:17 | Create | Skirmisher |
| 25:17 | Create | Skirmisher |
| 25:51 | Build | Farm |
| 25:52 | Build | Farm |
| 25:59 | Create | Skirmisher |
| 26:00 | Create | Skirmisher |
| 26:14 | Create | Villager (Male) |
| 26:15 | Create | Villager (Male) |
| 26:28 | Build | Settlement |
| 26:42 | Create | Skirmisher |
| 26:42 | Create | Skirmisher |
| 26:42 | Create | Villager (Male) |
| 26:43 | Create | Villager (Male) |
| 26:59 | Create | Skirmisher |
| 27:00 | Create | Skirmisher |
| 27:00 | Create | Villager (Male) |
| 27:15 | Create | Villager (Male) |
| 27:16 | Build | Farm |
| 27:17 | Build | Farm |
| 27:17 | Build | Farm |
| 27:28 | Create | Villager (Male) |
| 27:44 | Research | Bodkin Arrow |
| 27:49 | Create | Villager (Male) |
| 27:53 | Build | University |
| 28:07 | Research | Pikeman (upgrade) |
| 28:11 | Create | Villager (Male) |
| 28:12 | Create | Skirmisher |
Build order — Yukasha
First 150 of 420 actions detected
| 0:01 | Build | Town Center |
| 1:01 | Create | Villager (Male) |
| 1:02 | Create | Villager (Male) |
| 1:02 | Create | Villager (Male) |
| 1:02 | Create | Villager (Male) |
| 1:07 | Create | Villager (Male) |
| 1:40 | Create | Villager (Male) |
| 1:54 | Build | Lumber Camp |
| 2:20 | Create | Villager (Male) |
| 2:49 | Create | Villager (Male) |
| 2:49 | Create | Villager (Male) |
| 3:06 | Create | Villager (Male) |
| 3:20 | Create | Villager (Male) |
| 3:28 | Create | Villager (Male) |
| 3:42 | Create | Villager (Male) |
| 3:42 | Create | Villager (Male) |
| 4:09 | Create | Villager (Male) |
| 4:09 | Create | Villager (Male) |
| 4:31 | Create | Villager (Male) |
| 4:36 | Research | Loom |
| 4:36 | Research | Loom |
| 4:42 | Build | Mill |
| 4:43 | Create | Villager (Male) |
| 5:59 | Research | Feudal Age |
| 7:06 | Create | Villager (Male) |
| 7:33 | Build | House |
| 7:35 | Build | Barracks |
| 8:39 | Age | Feudal Age |
| 8:47 | Build | Stable |
| 8:48 | Create | Spearman |
| 8:50 | Research | Double-Bit Axe |
| 8:53 | Create | Villager (Male) |
| 9:03 | Create | Villager (Male) |
| 9:10 | Build | House |
| 9:11 | Build | House |
| 9:17 | Create | Spearman |
| 9:22 | Create | Villager (Male) |
| 9:23 | Build | Farm |
| 9:26 | Build | Farm |
| 9:32 | Create | Scout Cavalry |
| 9:43 | Create | Villager (Male) |
| 9:50 | Create | Scout Cavalry |
| 9:51 | Create | Spearman |
| 9:57 | Create | Villager (Male) |
| 10:00 | Build | Farm |
| 10:12 | Create | Scout Cavalry |
| 10:15 | Build | House |
| 10:17 | Build | Farm |
| 10:46 | Create | Villager (Male) |
| 10:48 | Create | Scout Cavalry |
| 10:55 | Build | Farm |
| 10:57 | Build | Farm |
| 10:59 | Build | Farm |
| 11:16 | Create | Villager (Male) |
| 11:25 | Create | Villager (Male) |
| 11:41 | Create | Villager (Male) |
| 11:47 | Build | Archery Range |
| 11:49 | Create | Villager (Male) |
| 12:00 | Create | Villager (Male) |
| 12:11 | Create | Villager (Male) |
| 12:24 | Build | Mining Camp |
| 12:32 | Create | Archer |
| 12:34 | Create | Villager (Male) |
| 12:41 | Build | Farm |
| 12:45 | Create | Villager (Male) |
| 12:47 | Build | House |
| 13:01 | Create | Villager (Male) |
| 13:03 | Create | Scout Cavalry |
| 13:14 | Build | Farm |
| 13:15 | Create | Villager (Male) |
| 13:22 | Create | Scout Cavalry |
| 13:23 | Create | Archer |
| 13:26 | Create | Villager (Male) |
| 13:31 | Create | Villager (Male) |
| 13:39 | Create | Villager (Male) |
| 13:40 | Build | House |
| 13:41 | Build | House |
| 13:43 | Build | House |
| 13:44 | Build | Palisade Wall |
| 13:51 | Build | Palisade Wall |
| 13:52 | Build | Palisade Wall |
| 13:59 | Create | Villager (Male) |
| 14:04 | Create | Scout Cavalry |
| 14:05 | Create | Archer |
| 14:11 | Create | Villager (Male) |
| 14:23 | Create | Villager (Male) |
| 14:29 | Create | Scout Cavalry |
| 14:32 | Create | Villager (Male) |
| 14:39 | Build | Farm |
| 14:39 | Create | Villager (Male) |
| 14:46 | Create | Archer |
| 14:58 | Create | Scout Cavalry |
| 14:59 | Create | Villager (Male) |
| 15:12 | Create | Villager (Male) |
| 15:20 | Build | Lumber Camp |
| 15:25 | Create | Villager (Male) |
| 15:35 | Create | Scout Cavalry |
| 15:52 | Create | Villager (Male) |
| 15:57 | Create | Scout Cavalry |
| 16:02 | Build | Blacksmith |
| 16:06 | Create | Scout Cavalry |
| 16:07 | Create | Archer |
| 16:07 | Create | Archer |
| 16:19 | Build | House |
| 16:24 | Create | Archer |
| 16:25 | Create | Archer |
| 16:28 | Build | House |
| 16:29 | Build | House |
| 16:33 | Build | House |
| 16:34 | Build | Palisade Wall |
| 16:42 | Create | Villager (Male) |
| 16:45 | Create | Scout Cavalry |
| 16:54 | Research | Fletching |
| 16:55 | Create | Villager (Male) |
| 17:04 | Create | Archer |
| 17:13 | Build | Farm |
| 17:13 | Create | Villager (Male) |
| 17:15 | Build | Farm |
| 17:18 | Build | Farm |
| 17:24 | Research | Horse Collar |
| 17:30 | Build | Farm |
| 17:30 | Create | Villager (Male) |
| 17:34 | Create | Archer |
| 17:38 | Build | Farm |
| 17:48 | Research | Padded Archer Armor |
| 17:56 | Create | Archer |
| 18:00 | Build | Farm |
| 18:01 | Create | Villager (Male) |
| 18:07 | Create | Scout Cavalry |
| 18:12 | Create | Villager (Male) |
| 18:12 | Create | Villager (Male) |
| 18:18 | Build | Farm |
| 18:23 | Create | Archer |
| 18:35 | Create | Villager (Male) |
| 18:37 | Create | Archer |
| 18:51 | Create | Scout Cavalry |
| 18:52 | Create | Archer |
| 18:55 | Build | Farm |
| 18:56 | Create | Villager (Male) |
| 19:01 | Build | Farm |
| 19:01 | Build | Farm |
| 19:02 | Build | Farm |
| 19:02 | Build | Farm |
| 19:02 | Build | Farm |
| 19:05 | Build | Farm |
| 19:07 | Build | Farm |
| 19:15 | Create | Archer |
| 19:17 | Create | Villager (Male) |
| 19:27 | Build | Farm |
| 19:28 | Create | Villager (Male) |
Match timeline
| 5:11 | Mutn · first_building Barracks |
| 7:35 | Yukasha · first_building Barracks |
| 8:39 | Yukasha · age_up feudal |
| 8:47 | Yukasha · first_building Stable |
| 9:09 | Mutn · age_up feudal |
| 11:47 | Yukasha · first_building Archery Range |
| 13:44 | Yukasha · wall_segment Palisade Wall x1 |
| 13:51 | Yukasha · wall_segment Palisade Wall x1 |
| 13:52 | Yukasha · wall_segment Palisade Wall x1 |
| 16:34 | Yukasha · wall_segment Palisade Wall x3 |
| 19:44 | Mutn · first_building Archery Range |
| 21:14 | Yukasha · wall_segment Palisade Wall x9 |
| 21:16 | Yukasha · wall_segment Palisade Wall x1 |
| 22:09 | Yukasha · first_market_buy 100 food |
| 22:12 | Yukasha · first_market_sell 100 wood |
| 24:06 | Mutn · age_up castle |
| 24:44 | Yukasha · age_up castle |
| 34:23 | Mutn · first_building Monastery |
| 38:26 | Mutn · first_building Castle |
| 41:06 | Mutn · resign |
[ AI ANALYSIS · 1 CREDIT ]
What really happened in this match?
Wolo.gg analyzes every decision: build order, eco, micro, common mistakes by bracket. Personalized analysis on WhatsApp or Discord in 30 seconds.
Civ guide
Tupi
Perfil
Jugador #720781